[ AOE2 MATCH · #463534673 ]
UnrankedByzantines vs Persians
[ REPLAY ANALYSIS · EXTRACTED FROM THE RECORDED GAME ]
Feudal
—
Castle
—
Imperial
—
| APM avg | 49.8 |
| APM peak | 41 |
| eAPM avg | 21.4 |
| Villagers / military | 4 / 0 |
Focus
⚔️ 3.1% · 🌾 96.9%
Feudal
—
Castle
—
Imperial
—
| APM avg | 17.0 |
| APM peak | 15 |
| eAPM avg | 6.3 |
| Villagers / military | 1 / 0 |
Focus
⚔️ 0.0% · 🌾 100.0%
Feudal
—
Castle
—
Imperial
—
| APM avg | 32.7 |
| APM peak | 48 |
| eAPM avg | 22.0 |
| Villagers / military | 14 / 0 |
Focus
⚔️ 0.0% · 🌾 100.0%
Feudal
—
Castle
—
Imperial
—
| APM avg | 1.9 |
| APM peak | 3 |
| eAPM avg | 1.9 |
| Villagers / military | 0 / 0 |
Feudal
—
Castle
—
Imperial
—
| APM avg | 26.5 |
| APM peak | 24 |
| eAPM avg | 18.9 |
| Villagers / military | 9 / 0 |
Focus
⚔️ 0.0% · 🌾 100.0%
Feudal
—
Castle
—
Imperial
—
| APM avg | 23.3 |
| APM peak | 27 |
| eAPM avg | 13.9 |
| Villagers / military | 10 / 0 |
Focus
⚔️ 5.3% · 🌾 94.7%
Match map
Initial resources + every placement click. Lines = walls · curves = elevation contours. ◆ gold · ⬟ stone · ● berries · ✦ relic · ◌ wall gap
Your base
Sonjano007's base
z-xX-Future-Xx-z's base
Michelin723's base
That1guy_sam's base
Beek's base
Smoothed initial terrain · ◌ = detected wall gap · hover for details
Inputs per minute
— Nanobeast9523 - - Sonjano007
Build order — Nanobeast9523
6 actions detected in the replay
| 0:05 | Create | Villager (Male) |
| 0:06 | Create | Villager (Male) |
| 0:06 | Create | Villager (Male) |
| 0:07 | Create | Villager (Male) |
| 0:09 | Research | Loom |
| 0:33 | Build | Mill |
Build order — Sonjano007
3 actions detected in the replay
| 0:25 | Build | House |
| 0:29 | Build | House |
| 1:28 | Create | Villager (Male) |
Build order — z-xX-Future-Xx-z
4 actions detected in the replay
| 1:31 | Create | Villager (Male) ×5 |
| 1:31 | Create | Villager (Male) ×5 |
| 1:31 | Create | Villager (Male) ×4 |
| 1:32 | Research | Loom |
Build order — Michelin723
0 actions detected in the replay
Build order — That1guy_sam
14 actions detected in the replay
| 0:06 | Build | House |
| 0:09 | Build | House |
| 0:10 | Build | House |
| 0:33 | Build | Lumber Camp |
| 0:50 | Build | Lumber Camp |
| 1:12 | Create | Villager (Male) |
| 1:12 | Create | Villager (Male) |
| 1:13 | Create | Villager (Male) |
| 1:13 | Create | Villager (Male) |
| 1:13 | Create | Villager (Male) |
| 1:13 | Create | Villager (Male) |
| 1:14 | Create | Villager (Male) |
| 1:14 | Create | Villager (Male) |
| 1:14 | Create | Villager (Male) |
Build order — Beek
11 actions detected in the replay
| 0:02 | Create | Villager (Male) |
| 0:03 | Create | Villager (Male) |
| 0:23 | Build | House |
| 0:31 | Build | House |
| 0:53 | Build | Lumber Camp |
| 1:01 | Build | Lumber Camp |
| 1:06 | Create | Villager (Male) |
| 1:06 | Create | Villager (Male) |
| 1:09 | Create | Villager (Male) ×5 |
| 1:09 | Create | Villager (Male) |
| 1:25 | Build | Mill |
Match timeline
| 0:18 | Michelin723 · resign |
[ AI ANALYSIS · 1 CREDIT ]
What really happened in this match?
Wolo.gg analyzes every decision: build order, eco, micro, common mistakes by bracket. Personalized analysis on WhatsApp or Discord in 30 seconds.
Civ guide
Byzantines
Map guide
Michi
Perfil
Jugador #22845526